 Dungeon Crawl Stone Soup version 0.17.1-1-g73c8601 (console) character file.

90810 Kloppie the Bludgeoner (level 16, -17/166 HPs)
             Began as a Gargoyle Berserker on Dec 21, 2015.
             Was a High Priest of Trog.
             Killed from afar by Frances (25 damage)
             ... with a shard of ice
             ... on level 1 of the Spider Nest.
             The game lasted 00:54:36 (27544 turns).

Kloppie the Bludgeoner (Gargoyle Berserker)        Turns: 27544, Time: 00:54:36

Health: -17/166    AC: 33    Str: 28    XL:     16   Next: 1%
Magic:  16/16      EV:  8    Int: 10    God:    Trog [*****.]
Gold:   2537       SH:  0    Dex:  9    Spells: 0 memorised, 15 levels left

rFire  + . .     SeeInvis +     a - +13 great mace {crush, rF+}
rCold  . . .     Clarity  .     i - +4 plate armour
rNeg   + + .     SustAt   .     (shield currently unavailable)
rPois  ∞         Gourm    .     (helmet restricted)
rElec  +         Spirit   .     Q - +0 cloak
rCorr  .         Warding  .     (no gloves)
rMut   +         Stasis   .     (no boots)
MR     +++++                    B - amulet of resist mutation
Stlth  ..........               j - ring "Biluj" {rPois rN+ MR++ Int+2 Dex-5}
                                o - ring of see invisible

@: berserking (expiring), regenerating, very quick, almost entirely resistant to
hostile enchantments, extremely unstealthy
A: antennae 1, big wings, mutation resistance 1, negative energy resistance 1,
electricity resistance, unbreathing, petrification resistance, rot immunity, AC
+11
a: Fly, Berserk, Trog's Hand, Brothers in Arms, Burn Spellbooks, Renounce
Religion


You were on level 1 of the Spider Nest.
You worshipped Trog.
Trog was extremely pleased with you.
You were not hungry.

You visited 4 branches of the dungeon, and saw 24 of its levels.
You also visited: Ossuary.

You collected 3191 gold pieces.
You spent 654 gold pieces at shops.

Inventory:

Hand Weapons
 a - the +13 great mace of the Mosquito (weapon) {crush, rF+}
   (Trog gifted it to you on level 4 of the Orcish Mines)

   It inflicts extra damage upon your enemies.
   It protects you from fire.
 b - a +1 great mace of holy wrath
 n - a +6 great mace of protection
Armour
 i - a +4 plate armour (worn)
 Q - a +0 cloak (worn)
Jewellery
 g - an uncursed ring of stealth
 j - the ring "Biluj" (right hand) {rPois rN+ MR++ Int+2 Dex-5}
   (You bought it in a shop on level 4 of the Orcish Mines)

   [ring of intelligence]

   It affects your intelligence (+2).
   It affects your dexterity (-5).
   It protects you from poison.
   It protects you from negative energy.
   It affects your resistance to hostile enchantments.
 o - a ring of see invisible (left hand)
 u - an uncursed ring of protection from fire {unknown}
 w - a cursed ring of ice {unknown}
 B - an amulet of resist mutation (around neck)
 E - a +3 ring of protection
 F - an uncursed amulet of stasis
 U - an uncursed ring of fire
 X - an uncursed ring of positive energy
Wands
 y - a wand of heal wounds (6)
 H - a wand of teleportation (8)
 R - a wand of digging (3)
Scrolls
 f - a scroll of recharging
 h - a scroll of fear
 l - 4 scrolls of blinking
 m - 17 scrolls of remove curse
 p - 2 scrolls of identify
 r - a scroll of magic mapping
 s - 6 scrolls of teleportation
 t - 4 scrolls of fog
 A - a scroll of enchant weapon
 D - 2 scrolls of enchant armour
 T - a scroll of silence
Potions
 d - 5 potions of agility
 e - a potion of heal wounds
 v - 8 potions of curing
 x - 2 potions of resistance
 C - 5 potions of invisibility
 G - 2 potions of cancellation
 I - a potion of brilliance
 N - 3 potions of lignification
 S - a potion of ambrosia
 Y - 2 potions of might
Comestibles
 c - 17 bread rations
 k - 15 meat rations
 q - 2 chunks of flesh
 J - 5 slices of pizza
 W - 4 beef jerkies


   Skills:
 + Level 16.3 Fighting
 + Level 18.6 Maces & Flails
 - Level 14.0 Armour
 - Level 1.5 Dodging


You had 15 spell levels left.
You didn't know any spells.

Dungeon Overview and Level Annotations

Branches:
Dungeon (11/15)            Temple (0/1) D:5            Lair (8/8) D:8
 Shoals (0/4) Lair:3       Spider (1/4) Lair:3        Slime (0/6) Lair:7
    Orc (4/4) D:11            Elf (0/3) Orc:3

Altars:
Ashenzari
Fedhas
Gozag
Makhleb
Qazlal
Yredelemnul
Zin
Beogh
Jiyva

Shops:
D:11 %   Orc:4 *[(=

Portals:
Hell: Lair:8

Annotations:
D:7 Genom09's ghost, novice MfTm
Spider:1 Frances


Innate Abilities, Weirdness & Mutations

You are resistant to torment.
Your stone body is resilient (AC +11).
You are immune to poison.
Your large and strong wings let you fly indefinitely.
You resist negative energy.
You are resistant to electric shocks.
You can survive without breathing.
You are immune to petrification.
You are immune to rotting.
You have a pair of small antennae on your head.
You are somewhat resistant to further mutation.


Message History

You thump the ice devil!
The ice devil is severely wounded.
Frances whispers indecipherable words.
The iron shot hits you!
* * * LOW HITPOINT WARNING * * *
You sock the ice devil!
The ice devil is almost dead.
The orange demon stings you but does no damage.
You bludgeon the ice devil!!
You kill the ice devil!
Frances hits you from afar with a trident of piercing!
* * * LOW HITPOINT WARNING * * *
x2 The boulder beetle pulls away from the web.
You are too berserk!
Frances says, "I am undefeated in single-handed combat."
You feel a strong urge to attack something.
Frances says, "I command an army of devils.
What do you command?"
Frances mutters in a terrible tongue.
The shard of ice hits you!
You die...

#....# ##......# .....#
##..### ...####. ###
.#.# .... ####
...###### #### ...#
#...#..###..# ...###
#...##...#..#
.###.#####......^..###
.#.#..#.#.#...##@....##
.#............#....@..#
........#....####..4..#
...#.#.....#..#
###.>.....
.#.####.#..#### .......
.### ###### ......#
.>.# ..#B### #..###
..#... ####.## ### ..#


You could see Frances, a boulder beetle and an orange demon.

Vanquished Creatures
  Rupert (Lair:4)
  An orc warlord (Orc:3)
  A dire elephant (Lair:8)
  Snorg (D:10)
  Erolcha (D:9)
  Josephine (Lair:5)
  The ghost of Enrond the Devastator, a journeyman DECj of Vehumet (Lair:6)
  Fannar (D:10)
  A hell beast (Lair:8)
  3 catoblepae
  5 hydras
  9 death yaks
  A queen ant (Lair:6)
  3 orc high priests (Orc:4)
  Urug (Orc:1)
  Nergalle (Lair:1)
  A fire crab (Lair:8)
  An unseen horror (D:11)
  5 skeletal warriors (D:11)
  A hill giant (D:11)
  3 orc sorcerers (Orc:4)
  3 orc knights
  A wizard (Lair:8)
  2 ugly things (D:11)
  A lindwurm (Lair:5)
  A cyclops (D:10)
  2 wolf spiders (Spider:1)
  A hornet (Spider:1)
  15 elephants
  Maurice (D:9)
  9 black mambas
  9 spiny frogs
  3 orange demons (Lair:8)
  2 torpor snails
  A gargoyle (D:10)
  5 komodo dragons
  A hellwing (Lair:8)
  2 fire drakes
  A demonic crawler (Spider:1)
  A red devil (Lair:8)
  A jumping spider (Spider:1)
  3 polar bears
  4 trolls
  3 blue devils (Lair:8)
  3 boulder beetles
  Prince Ribbit (D:5)
  17 blink frogs
  A queen bee (D:10)
  2 two-headed ogres
  A snapping turtle (Lair:3)
  A trapdoor spider (Spider:1)
  5 tarantellas (Spider:1)
  6 wyverns
  12 redbacks (Spider:1)
  4 wraiths (Lair:5)
  The ghost of antares the Magician, an amateur DEWz of the Shining One (D:4)
  2 basilisks (Lair:8)
  51 yaks
  Eustachio (D:4)
  2 spriggans (Lair:3)
  Menkaure (D:7)
  Edmund (D:5)
  4 hippogriffs
  22 wolves
  8 wargs
  22 orc warriors
  12 porcupines
  5 soldier ants (Lair:6)
  A sky beast (D:7)
  11 water moccasins
  3 phantoms
  2 hell hounds (Lair:8)
  A wasp (D:10)
  12 spiders
  2 black bears
  5 ice beasts
  8 ogres
  9 centaurs
  15 crocodiles
  An elf zombie (Ossuary)
  Blork the orc (D:3)
  2 big kobolds (D:9)
  14 giant frogs
  A wyvern skeleton (D:10)
  28 killer bees
  3 scorpions
  4 electric eels (Lair:3)
  5 wights (D:4)
  4 hounds
  A centaur zombie (D:6)
  25 orc priests
  3 crimson imps
  3 jellies
  2 quasits
  A giant frog skeleton (D:5)
  3 giant frog zombies
  13 orc wizards
  2 centaur skeletons (D:11)
  15 worker ants
  11 iguanas
  6 hell rats
  12 sheep
  A big kobold zombie (Ossuary)
  A hound zombie (Ossuary)
  5 mummies
  A worker ant zombie (D:6)
  12 gnolls
  63 river rats
  3 shadow imps
  13 adders
  2 oozes
  2 adder zombies (Ossuary)
  2 adder skeletons
  5 worms
  5 giant geckos
  157 orcs
  A ball python (D:3)
  12 hobgoblins
  16 jackals
  7 bats
  9 giant cockroaches
  6 giant newts
  3 gnoll zombies
  16 goblins
  A goblin zombie (Ossuary)
  A hobgoblin zombie (Ossuary)
  2 jackal skeletons (D:4)
  A jackal zombie (Ossuary)
  16 kobolds
  2 orc zombies (Ossuary)
  A quokka (D:11)
  A quokka skeleton (D:4)
  A quokka zombie (D:9)
  10 rats
  A rat zombie (Ossuary)
908 creatures vanquished.

Vanquished Creatures (collateral kills)
  Nessos (Orc:3)
  Sonja (Lair:1)
  An orc knight (Orc:4)
  An orc sorcerer (Orc:4)
  A cyclops (Orc:4)
  An orange demon (Lair:8)
  A troll (Orc:4)
  A hippogriff (Lair:1)
  A warg (Orc:4)
  6 orc warriors
  An ogre (Orc:4)
  An orc priest (Orc:4)
  3 orc wizards
  4 orcs
24 creatures vanquished.

Vanquished Creatures (others)
  A polar bear (Lair:7)
  A hound skeleton (D:10)
  A river rat (Lair:8)
  24 fungi
  13 plants
40 creatures vanquished.

Grand Total: 972 creatures vanquished

Notes
Turn   | Place    | Note
--------------------------------------------------------------
     0 | D:1      | Kloppie the Gargoyle Berserker began the quest for the Orb.
     0 | D:1      | Reached XP level 1. HP: 14/14 MP: 1/1
   219 | D:1      | Reached XP level 2. HP: 19/19 MP: 2/2
   485 | D:1      | Reached XP level 3. HP: 24/24 MP: 3/3
   578 | D:1      | Reached skill level 4 in Fighting
   612 | D:1      | Reached ** piety under Trog
  1326 | D:2      | Reached XP level 4. HP: 23/30 MP: 4/4
  1595 | D:2      | Reached *** piety under Trog
  1794 | D:3      | Reached XP level 5. HP: 34/34 MP: 5/5
  1803 | D:3      | Reached skill level 5 in Fighting
  1857 | D:3      | Gained mutation: You have a pair of small antennae on your head. [potion of beneficial mutation]
  2259 | D:3      | Reached skill level 5 in Maces & Flails
  2259 | D:3      | Reached XP level 6. HP: 40/40 MP: 6/6
  2552 | D:4      | Noticed Blork the orc
  2554 | D:4      | Noticed antares's ghost (amateur DEWz)
  2564 | D:3      | Reached skill level 6 in Fighting
  2710 | D:3      | Reached **** piety under Trog
  2710 | D:3      | Reached XP level 7. HP: 28/47 MP: 7/7
  2718 | D:3      | Killed Blork the orc
  2909 | D:4      | Killed antares's ghost
  2909 | D:4      | Reached skill level 7 in Fighting
  3235 | D:4      | Reached XP level 8. HP: 47/54 MP: 8/8
  3420 | D:4      | Found a stormy altar of Qazlal.
  3583 | D:4      | Reached skill level 8 in Fighting
  3743 | D:5      | Entered Level 5 of the Dungeon
  3768 | D:5      | Noticed Edmund
  3769 | D:5      | Noticed Prince Ribbit
  3788 | D:5      | Killed Edmund
  3854 | D:5      | Found a blossoming altar of Fedhas.
  4259 | D:5      | Killed Prince Ribbit
  4259 | D:5      | Reached skill level 9 in Fighting
  4357 | D:5      | Noticed Eustachio
  4555 | D:4      | Killed Eustachio
  4555 | D:4      | Reached XP level 9. HP: 54/61 MP: 9/9
  4684 | D:5      | Found a staircase to the Ecumenical Temple.
  4819 | D:6      | Found a burning altar of Makhleb.
  5030 | D:6      | Reached skill level 10 in Fighting
  5171 | D:6      | Found a basalt altar of Yredelemnul.
  5730 | D:7      | Noticed Genom09's ghost (novice MfTm)
  5886 | D:7      | Noticed Menkaure
  5911 | D:7      | Killed Menkaure
  6437 | D:8      | Reached skill level 10 in Maces & Flails
  6454 | D:8      | Found a staircase to the Lair.
  6491 | D:8      | Found a shattered altar of Ashenzari.
  6533 | D:8      | Reached skill level 5 in Armour
  6533 | D:8      | Reached XP level 10. HP: 54/68 MP: 10/10
  6736 | D:8      | Found a sand-covered staircase.
  6751 | Ossuary  | Entered an ossuary
  6968 | Ossuary  | Gained mutation: You are somewhat resistant to further mutation. [potion of beneficial mutation]
  7147 | D:8      | Found a glowing silver altar of Zin.
  7147 | D:8      | Noticed an angel
  7916 | D:9      | Noticed Erolcha
  7929 | D:9      | Killed Erolcha
  7929 | D:9      | Reached skill level 11 in Maces & Flails
  7952 | D:9      | Noticed Maurice
  7977 | D:9      | Killed Maurice
  8240 | D:9      | Found an opulent altar of Gozag.
  8385 | D:10     | Entered Level 10 of the Dungeon
  8426 | D:10     | Reached ***** piety under Trog
  8562 | D:10     | Reached XP level 11. HP: 42/72 MP: 11/11
  8703 | D:10     | Noticed Snorg
  8727 | D:10     | Killed Snorg
  9177 | D:10     | Noticed Fannar
  9183 | D:10     | Reached skill level 12 in Maces & Flails
  9391 | D:10     | Killed Fannar
  9403 | D:10     | Reached skill level 10 in Armour
  9537 | D:10     | Noticed a cyclops
  9557 | D:10     | Killed a cyclops
  9821 | D:10     | Received a gift from Trog
 10022 | D:11     | Found Cauh's Food Shoppe.
 10270 | D:11     | Noticed a skeletal warrior
 10270 | D:11     | Noticed a skeletal warrior
 10270 | D:11     | Noticed a skeletal warrior
 10415 | Lair:1   | Entered Level 1 of the Lair of Beasts
 10506 | Lair:1   | Noticed Sonja
 10520 | Lair:1   | Noticed Nergalle
 10565 | Lair:1   | Killed Nergalle
 10565 | Lair:1   | Reached skill level 13 in Maces & Flails
 10844 | Lair:1   | Reached XP level 12. HP: 53/77 MP: 12/12
 11070 | Lair:1   | Killed Sonja
 12063 | Lair:2   | Noticed a five-headed hydra
 12074 | Lair:2   | Killed a five-headed hydra
 12656 | Lair:2   | Received a gift from Trog
 13010 | Lair:3   | Noticed a six-headed hydra
 13049 | Lair:2   | Reached skill level 14 in Maces & Flails
 13139 | Lair:2   | Killed a six-headed hydra
 13429 | Lair:3   | Found a staircase to the Shoals.
 13792 | Lair:3   | Found a hole to the Spider Nest.
 14471 | Lair:4   | Noticed a four-headed hydra
 14482 | Lair:4   | Noticed Rupert
 14500 | Lair:3   | Killed a four-headed hydra
 14500 | Lair:3   | Reached XP level 13. HP: 27/82 MP: 13/13
 14750 | Lair:4   | Killed Rupert
 14750 | Lair:4   | Reached skill level 15 in Maces & Flails
 15768 | Lair:5   | Noticed Josephine
 15788 | Lair:5   | Killed Josephine
 17295 | Lair:6   | Noticed Enrond's ghost (journeyman DECj)
 17304 | Lair:6   | Killed Enrond's ghost
 17823 | Lair:6   | Reached skill level 16 in Maces & Flails
 18169 | Lair:6   | Gained mutation: Your large and strong wings let you fly indefinitely. [Gargoyle growth]
 18169 | Lair:6   | Reached XP level 14. HP: 66/92 MP: 14/14
 19056 | Lair:7   | Found a viscous altar of Jiyva.
 19064 | Lair:7   | Found a staircase to the Slime Pits.
 20000 | D:11     | Noticed a hill giant
 20010 | D:11     | Killed a hill giant
 20067 | D:11     | Noticed a skeletal warrior
 20067 | D:11     | Noticed a skeletal warrior
 20074 | D:11     | Killed a skeletal warrior
 20084 | D:11     | Killed a skeletal warrior
 20203 | D:11     | Killed a skeletal warrior
 20222 | D:11     | Killed a skeletal warrior
 20224 | D:11     | Killed a skeletal warrior
 20466 | D:11     | Reached skill level 17 in Maces & Flails
 20467 | D:11     | Noticed an unseen horror
 20495 | D:11     | Killed an unseen horror
 21021 | D:11     | Found a staircase to the Orcish Mines.
 21079 | Orc:1    | Entered Level 1 of the Orcish Mines
 21256 | Orc:2    | Received a gift from Trog
 21382 | Orc:2    | Found a roughly hewn altar of Beogh.
 22042 | Orc:1    | Found a roughly hewn altar of Beogh.
 22080 | Orc:1    | Noticed Urug
 22102 | Orc:1    | Killed Urug
 22407 | Orc:3    | Found a staircase to the Elven Halls.
 22595 | Orc:3    | Noticed Nessos
 22604 | Orc:3    | Killed Nessos
 22705 | Orc:3    | Received a gift from Trog
 22836 | Orc:3    | Received a gift from Trog
 23087 | Orc:3    | Reached ****** piety under Trog
 23183 | Orc:4    | Entered Level 4 of the Orcish Mines
 23205 | Orc:4    | Found Hoiraced's General Store.
 23210 | Orc:4    | Reached XP level 15. HP: 101/101 MP: 15/15
 23295 | Orc:4    | Found Yti Nuo's Antique Armour Emporium.
 23295 | Orc:4    | Noticed an orc warlord
 23319 | Orc:3    | HP: 1/101 [orc warlord/great mace of protection (23)]
 23375 | Orc:3    | Killed an orc warlord
 23912 | Orc:4    | Received a gift from Trog
 23916 | Orc:4    | Got a twisted great mace {god gift}
 23919 | Orc:4    | Identified the +13 great mace of the Mosquito {crush, rF+} (Trog gifted it to you on level 4 of the Orcish Mines)
 24149 | Orc:4    | Found Kab Ecza's Jewellery Emporium.
 24193 | Orc:4    | Found Pasaofit's Antique Weapon Boutique.
 24581 | Orc:4    | Bought a scroll of identify for 26 gold pieces
 24629 | Orc:4    | Bought the ring "Biluj" {rPois rN+ MR++ Int+2 Dex-5} for 208 gold pieces
 24629 | Orc:4    | Bought an uncursed amulet of resist mutation for 400 gold pieces
 24629 | Orc:4    | Bought a cursed -4 ring of evasion for 20 gold pieces
 24999 | Lair:8   | Entered Level 8 of the Lair of Beasts
 25005 | Lair:8   | Reached skill level 15 in Fighting
 25260 | Lair:8   | Received a gift from Trog
 25446 | Lair:8   | Reached skill level 18 in Maces & Flails
 26110 | Lair:8   | Received a gift from Trog
 26709 | Lair:8   | Found a burning altar of Makhleb.
 26778 | Lair:8   | Found a gateway to Hell.
 27113 | Spider:1 | Entered Level 1 of the Spider Nest
 27497 | Spider:1 | Reached XP level 16. HP: 81/111 MP: 16/16
 27528 | Spider:1 | Noticed Frances
 27542 | Spider:1 | HP: 7/166 [Frances/trident of piercing (11)]
 27544 | Spider:1 | Killed from afar by Frances

Action                   |  1- 3 |  4- 6 |  7- 9 | 10-12 | 13-15 | 16-18 || total
-------------------------+-------+-------+-------+-------+-------+-------++-------
Melee: Mace              |   143 |   256 |   105 |       |       |       ||   504
       Flail             |       |       |   481 |   309 |       |       ||   790
       Morningstar       |       |       |       |   322 |       |       ||   322
       Great mace        |       |       |       |   505 |  1677 |    10 ||  2192
Invok: Berserk           |       |     5 |     8 |     4 |    12 |     1 ||    30
       Trog's Hand       |       |     3 |     7 |    14 |    19 |     1 ||    44
       Brothers in Arms  |       |       |       |     1 |     8 |       ||     9
  Use: Scroll            |       |     6 |       |    17 |    16 |       ||    39
       Potion            |       |     1 |     2 |     1 |     5 |       ||     9
  Eat: Chunk             |     2 |     9 |    13 |    30 |    46 |       ||   100
       Fruit             |       |       |     4 |       |       |       ||     4
       Beef jerky        |       |       |     2 |     1 |     4 |       ||     7
       Bread ration      |       |       |     1 |       |     2 |       ||     3
       Pizza             |       |       |       |     1 |       |       ||     1
